 Dungeon Crawl Stone Soup version 0.21.1-1-g345015f (webtiles) character file.

9098 pk666 the Thaumaturge (level 11, -2/54 HPs)
             Began as a Deep Elf Wizard on Feb 13, 2018.
             Was a Believer of Vehumet.
             Slain by a manticore (13 damage)
             ... on level 11 of the Dungeon.
             The game lasted 01:06:51 (14339 turns).

pk666 the Thaumaturge (Deep Elf Wizard)            Turns: 14339, Time: 01:06:52

Health: -2/54      AC:  3    Str:  4    XL:     11   Next: 18%
Magic:  7/28       EV: 17    Int: 27    God:    Vehumet [**....]
Gold:   711        SH:  0    Dex: 13    Spells: 20/32 levels left

rFire    . . .     SeeInvis +   L - +1 dagger (venom)
rCold    + . .     Gourm    .   (no shield)
rNeg     . . .     Faith    .   F - +1 robe {rC+}
rPois    .         Spirit   .   b - +0 hat
rElec    .         Reflect  .   (no cloak)
rCorr    .         Harm     .   (no gloves)
MR       ++...                  (no boots)
Stlth    ++........             I - amulet of magic regeneration
HPRegen  0.18/turn              j - ring of see invisible
MPRegen  0.46/turn              J - ring of protection from magic

@: no status effects
A: no striking features
a: Renounce Religion


You were on level 11 of the Dungeon.
You worshipped Vehumet.
Vehumet was pleased with you.
You were not hungry.

You visited 2 branches of the dungeon, and saw 12 of its levels.

You collected 711 gold pieces.

Inventory:

Hand Weapons
 L - a +1 dagger of venom (weapon)
Missiles
 q - 5 javelins of returning (quivered)
Armour
 b - a +0 hat (worn)
 F - a +1 robe of cold resistance (worn)
Jewellery
 j - a ring of see invisible (left hand)
 k - an uncursed ring of positive energy
 m - an uncursed ring of flight
 y - an uncursed amulet of faith
 B - a +3 amulet of reflection
 I - an amulet of magic regeneration (around neck)
 J - a ring of protection from magic (right hand)
 M - a +3 ring of dexterity
 O - an uncursed ring of ice
Wands
 o - a wand of disintegration (9)
 x - a wand of clouds (2)
 G - a wand of acid (11)
 H - a wand of random effects (20)
 Q - a wand of iceblast (10)
 R - a wand of paralysis (4)
Scrolls
 h - 2 scrolls of enchant weapon
 i - 3 scrolls of teleportation
 l - 4 scrolls of identify
 n - a scroll of random uselessness {unknown}
 p - 2 scrolls of amnesia {unknown}
 s - 2 scrolls of fog {unknown}
 t - a scroll of enchant armour {unknown}
 u - 3 scrolls of immolation {unknown}
 N - a scroll of vulnerability {unknown}
Potions
 a - a potion of brilliance {unknown}
 e - a potion of berserk rage {unknown}
 f - a potion of invisibility {unknown}
 g - 5 potions of curing {unknown}
 r - a potion of agility {unknown}
 v - 2 potions of lignification {unknown}
 w - a potion of magic {unknown}
 z - a potion of haste {unknown}
 A - 2 potions of heal wounds {unknown}
 C - 4 potions of flight {unknown}
 E - 2 potions of might {unknown}
 K - a potion of mutation {unknown}
Books
 c - a book of Minor Magic

   Spells                             Type                      Level
   a - Magic Dart                     Conjuration                  1
   b - Blink                          Translocation                2
   c - Call Imp                       Summoning                    2
   d - Slow                           Hexes                        2
   e - Conjure Flame                  Conjuration/Fire             3
   f - Mephitic Cloud                 Conjuration/Poison/Air       3
 D - a book of Geomancy

   Spells                             Type                      Level
   a - Sandblast                      Earth                        1
   b - Passwall                       Transmutation/Earth          2
   c - Stone Arrow                    Conjuration/Earth            3
   d - Petrify                        Transmutation/Earth          4
   e - Lee's Rapid Deconstruction     Earth                        5
Miscellaneous
 S - a phantom mirror
Comestibles
 d - 15 rations


   Skills:
 * Level 4.4 Short Blades
 * Level 9.2 Dodging
 - Level 2.4 Stealth
 + Level 11.3 Spellcasting
 + Level 8.9 Conjurations
   Level 1.1 Summonings
 - Level 3.0 Translocations
 + Level 8.5 Fire Magic
 - Level 2.1 Air Magic
 - Level 4.0 Earth Magic
 - Level 3.1 Poison Magic


You had 20 spell levels left.
You knew the following spells:

 Your Spells              Type           Power        Failure   Level  Hunger
a - Magic Dart            Conj           ####         1%          1    None
b - Blink                 Tloc           N/A          1%          2    None
c - Stone Arrow           Conj/Erth      ######       1%          3    None
d - Conjure Flame         Conj/Fire      ######..     1%          3    None
z - Mephitic Cloud        Conj/Pois/Air  #####...     1%          3    None


Dungeon Overview and Level Annotations

Branches:
Dungeon (11/15)            Temple (1/1) D:5            Lair (0/6) D:10
    Orc: D:9-12

Altars:
Cheibriados
Dithmenos
Elyvilon
Fedhas
Hepliaklqana
Kikubaaqudgha
Makhleb
Nemelex Xobeh
Okawaru
Qazlal
Sif Muna
Trog
Vehumet
Wu Jian
Xom
Yredelemnul
Zin

Shops:
D:9 *   D:10 [[

Annotations:
D:3 batai666's ghost, amateur GrEE
D:4 exclusion: player ghost, equizz's ghost, amateur HuFi
D:8 exclusion: downstairs
D:9 exclusion: 2 downstairs
D:10 3 exclusions, Britaniac's ghost, journeyman MiFi; Josephine


Message History

The manticore flicks its tail.
The volley of spikes misses you.
Casting: Stone Arrow
Confirm with . or Enter, or press ? or * to list all spells.
Aiming: Stone Arrow
Press: ? - help, Shift-Dir - straight line, f/p - manticore
Aim: a manticore The stone arrow hits the manticore.
The manticore is heavily wounded.
Casting: Stone Arrow
Confirm with . or Enter, or press ? or * to list all spells.
Aiming: Stone Arrow
Press: ? - help, Shift-Dir - straight line, f/p - manticore
Aim: a manticore (heavily wounded)
The stone arrow hits the manticore.
The manticore is almost dead.
The manticore bites you.
* * * LOW HITPOINT WARNING * * *
The manticore claws you!
You die...

......#
......#
......# ##
......#
..####.....
.......#
#..H..#..#
#.@......#
#............#
#+###+#......#
......#
.###..# .. .#
.. # ...


You could see a manticore.

Vanquished Creatures
  Snorg (D:10)
  Erolcha (D:9)
  The ghost of Quirk the Blocker, a journeyman GnFi of Ashenzari (D:9)
  Fannar (D:10)
  Erica (D:9)
  A two-headed ogre (D:9)
  Maurice (D:10)
  2 trolls
  Grinder (D:6)
  A hippogriff (D:7)
  A vampire (D:9)
  Edmund (D:5)
  Duvessa (D:5)
  A sky beast (D:7)
  2 orc warriors
  4 wolves (D:10)
  A centaur (D:7)
  6 ogres
  2 big kobolds
  2 bullfrogs
  Dowan (D:5)
  4 scorpions
  3 killer bees (D:9)
  2 howler monkeys
  3 wights (D:9)
  3 electric eels (D:10)
  3 crimson imps
  8 hounds
  11 orc wizards
  3 orc priests
  3 bullfrog skeletons
  2 iguanas
  7 worker ants
  A hound skeleton (D:5)
  A worker ant zombie (D:9)
  A howler monkey skeleton (D:10)
  13 adders
  A shadow imp (D:9)
  An ooze (D:6)
  An adder zombie (D:10)
  An adder skeleton (D:4)
  3 worms
  3 dart slugs
  6 leopard geckos
  36 orcs
  6 bats
  6 giant cockroaches
  4 goblins
  6 hobgoblins
  6 jackals
  3 quokkas
  A frilled lizard (D:3)
  17 kobolds
  2 leopard gecko skeletons
  A quokka zombie (D:5)
  2 rats (D:1)
207 creatures vanquished.

Vanquished Creatures (others)
  An ogre (D:9)
  A gnoll sergeant (D:5)
  2 bullfrogs (D:9)
  4 gnolls (D:5)
  An orc (D:9)
  A frilled lizard (D:5)
10 creatures vanquished.

Grand Total: 217 creatures vanquished

Notes
Turn   | Place    | Note
-------+----------+-------------------------------------------
     0 | D:1      | pk666 the Deep Elf Wizard began the quest for the Orb.
     0 | D:1      | Reached XP level 1. HP: 10/10 MP: 7/7
   263 | D:1      | Reached XP level 2. HP: 10/15 MP: 5/9
  1876 | D:2      | Reached skill level 5 in Spellcasting
  1876 | D:2      | Reached XP level 3. HP: 19/19 MP: 6/11
  2033 | D:2      | Reached skill level 1 in Short Blades
  2617 | D:2      | Learned a level 2 spell: Blink
  2621 | D:2      | Learned a level 3 spell: Mephitic Cloud
  2625 | D:2      | Learned a level 3 spell: Conjure Flame
  2632 | D:3      | Reached XP level 4. HP: 24/24 MP: 5/13
  3273 | D:3      | Reached skill level 1 in Fire Magic
  3273 | D:3      | Reached skill level 1 in Poison Magic
  3290 | D:3      | Reached XP level 5. HP: 24/28 MP: 6/14
  3725 | D:3      | Noticed batai666's ghost (amateur GrEE)
  4157 | D:4      | Noticed equizz's ghost (amateur HuFi)
  4203 | D:4      | Noticed an ogre
  4214 | D:4      | Killed an ogre
  4214 | D:4      | Reached skill level 1 in Air Magic
  4304 | D:4      | Noticed Grinder
  4304 | D:4      | Paralysed by Grinder for 4 turns
  4315 | D:4      | Paralysed by Grinder for 4 turns
  4517 | D:4      | You fall through a shaft for 2 floors!
  4888 | D:6      | Reached XP level 6. HP: 30/32 MP: 8/16
  4980 | D:5      | Entered Level 5 of the Dungeon
  4980 | D:5      | Noticed Dowan
  5036 | D:6      | Noticed Edmund
  5324 | D:5      | Found a staircase to the Ecumenical Temple.
  5333 | Temple   | Entered the Ecumenical Temple
  5346 | Temple   | Became a worshipper of Vehumet
  5772 | D:5      | Reached skill level 6 in Spellcasting
  5997 | D:5      | Found a sparkling altar of Nemelex Xobeh.
  6016 | D:5      | Found a shadowy altar of Dithmenos.
  6161 | D:4      | Reached XP level 7. HP: 36/36 MP: 10/18
  6590 | D:4      | Reached * piety under Vehumet
  6590 | D:4      | Offered knowledge of Sandblast by Vehumet.
  6735 | D:5      | Noticed Duvessa
  7248 | D:5      | Killed Duvessa
  7248 | D:5      | Reached skill level 5 in Dodging
  7365 | D:5      | Killed Dowan
  7365 | D:5      | Reached skill level 7 in Spellcasting
  7966 | D:6      | Reached XP level 8. HP: 32/41 MP: 7/20
  8028 | D:5      | Killed Edmund
  8028 | D:5      | Reached skill level 5 in Conjurations
  8387 | D:6      | Paralysed by Grinder for 4 turns
  8404 | D:6      | Killed Grinder
  8905 | D:7      | Learned a level 3 spell: Stone Arrow
  8982 | D:7      | Reached skill level 8 in Spellcasting
  9119 | D:7      | Reached skill level 1 in Earth Magic
  9193 | D:7      | Reached skill level 5 in Fire Magic
  9424 | D:7      | Noticed a hippogriff
  9429 | D:7      | Killed a hippogriff
  9429 | D:7      | Reached XP level 9. HP: 29/45 MP: 7/23
  9843 | D:8      | Found a hazy altar of Hepliaklqana.
 10771 | D:9      | Noticed Quirk's ghost (journeyman GnFi)
 11119 | D:9      | Found a shimmering altar of Xom.
 11150 | D:9      | Noticed Erolcha
 11159 | D:9      | Killed Erolcha
 11159 | D:9      | Reached skill level 9 in Spellcasting
 11162 | D:9      | Noticed Erica
 11184 | D:9      | Killed Erica
 11186 | D:9      | Reached XP level 10. HP: 44/50 MP: 2/25
 11311 | D:9      | Found Sots's General Store.
 11332 | D:9      | Reached skill level 10 in Spellcasting
 11528 | D:9      | Reached ** piety under Vehumet
 11528 | D:9      | Offered knowledge of Shock by Vehumet.
 11619 | D:9      | Noticed a two-headed ogre
 11635 | D:9      | Killed a two-headed ogre
 11852 | D:9      | Killed Quirk's ghost
 12456 | D:10     | Entered Level 10 of the Dungeon
 12456 | D:10     | Noticed Josephine
 12584 | D:10     | Noticed Britaniac's ghost (journeyman MiFi)
 12584 | D:10     | Reached skill level 11 in Spellcasting
 12780 | D:10     | Noticed Fannar
 12788 | D:10     | Killed Fannar
 12918 | D:10     | Noticed Maurice
 12928 | D:10     | Killed Maurice
 12928 | D:10     | Reached XP level 11. HP: 54/54 MP: 17/28
 13111 | D:10     | Found Opiys's Armour Boutique.
 13143 | D:10     | Noticed Snorg
 13143 | D:10     | Found Kuzy's Armour Shoppe.
 13158 | D:10     | Killed Snorg
 13158 | D:10     | Offered knowledge of Inner Flame by Vehumet.
 13350 | D:10     | Found a staircase to the Lair.
 14339 | D:11     | Slain by a manticore

Skill      XL: |  1  2  3  4  5  6  7  8  9 10 11 |
---------------+----------------------------------+-----
Dodging        | 3 4 5 7 8 9 |  9.2
Conjurations   | 2 3 4 5 7 8 |  8.9
Spellcasting   | 5 6 7 8 9 11 | 11.3
Short Blades   | 1 2 3 4 |  4.4
Fire Magic     | 1 2 4 5 7 8 |  8.5
Poison Magic   | 1 2 3 |  3.1
Air Magic      | 1 2 |  2.1
Translocations | 3 |  3.0
Earth Magic    | 2 4 |  4.0
Stealth        | |  2.4
Summonings     | |  1.1

Action                   |  1- 3 |  4- 6 |  7- 9 | 10-12 || total
-------------------------+-------+-------+-------+-------++-------
Melee: Dagger            |    11 |    39 |    42 |    15 ||   107
 Cast: Magic Dart        |   107 |   143 |   140 |    40 ||   430
       Mephitic Cloud    |       |    11 |    26 |    18 ||    55
       Conjure Flame     |       |    14 |     9 |    20 ||    43
       Blink             |       |     1 |    10 |     8 ||    19
       Stone Arrow       |       |       |    58 |   120 ||   178
  Use: Scroll            |       |       |     6 |       ||     6
 Stab: Confused          |       |     1 |     6 |     1 ||     8
       Sleeping          |       |       |     1 |       ||     1
  Eat: Chunk             |     5 |     8 |    14 |     8 ||    35
       Ration            |       |     1 |       |     1 ||     2
Armor: Robe              |     1 |     1 |     2 |     4 ||     8
Dodge: Dodged            |    16 |    29 |    25 |    31 ||   101
